 Dungeon Crawl Stone Soup version 0.30-a0-802-gb92711bcdf (webtiles) character file.

Game seed: 3190963432384196164

4715 Dittersdorf the Fighter (level 10, -5/66 HPs)
             Began as a Gargoyle Fighter on Feb 23, 2023.
             Was a Priest of Okawaru.
             Slain by a rust devil (8 damage)
             ... summoned by an orc sorcerer
             ... while paralysed by an orc sorcerer
             ... in a bailey.
             The game lasted 00:10:33 (6815 turns).

Dittersdorf the Fighter (Gargoyle Fighter)          Turns: 6815, Time: 00:10:34

Health: -5/66      AC: -2    Str: 24    XL:     10   Next: 45%
Magic:  19/19      EV:  2    Int:  9    God:    Okawaru [***...]
Gold:   444        SH:  0    Dex:  9    Spells: 9/9 levels left

rFire   . . .      SeeInvis .    t - +4 flail (drain)
rCold   . . .      Faith    .    c - +1 buckler
rNeg    + . .      Spirit   .    i - +0 chain mail
rPois   ∞          Reflect  .    (no helmet)
rElec   +          Harm     .    (no cloak)
rCorr   .          Rampage  .    o - +0 pair of gloves
Will    .....                    a - +0 pair of boots Stlth
                                 (no amulet)
HPRegen 0.31/turn                q - ring of magical power
MPRegen 0.16/turn                (no ring)

@: paralysed, corroded
A: sickness immunity, AC +7, negative energy resistance 1, electricity
resistance, torment resistance 1, petrification resistance
a: Renounce Religion, Heroism


You were in a bailey.
You worshipped Okawaru.
Okawaru was most pleased with you.
You visited 2 branches of the dungeon, and saw 9 of its levels.
You also visited: Sewer and Bailey.

You collected 444 gold pieces.

Inventory:

Hand Weapons
 t - a +4 flail of draining (weapon)
Armour
 a - a +0 pair of boots (worn)
 c - a +1 buckler (worn)
 i - a +0 chain mail (worn)
 o - a +0 pair of gloves (worn)
Jewellery
 q - a ring of magical power (left hand)
Wands
 s - a wand of iceblast (10)
Scrolls
 j - 3 scrolls of poison
 r - a scroll of magic mapping
 w - a scroll of teleportation
Potions
 b - a potion of invisibility {unknown}
 d - 2 potions of might
 f - 2 potions of berserk rage {unknown}
 g - 2 potions of haste {unknown}
 h - 3 potions of curing
 k - a potion of brilliance {unknown}
 l - 2 potions of cancellation
 n - 3 potions of heal wounds
 p - 2 potions of flight {unknown}
 u - 2 potions of magic {unknown}
 z - a potion of ambrosia


   Skills:
 + Level 9.0 Fighting
 + Level 7.8 Maces & Flails
 + Level 8.9 Armour
 + Level 8.9 Shields


You had 9 spell levels left.
You didn't know any spells.
Your spell library contained the following spells:

 Spells                   Type           Power      Damage    Failure   Level
 Sandblast                Erth           0%         2d4       96%         1
 Ensorcelled Hibernation  Hex/Ice        0%         N/A       99%         2
 Passwall                 Tmut/Erth      0%         N/A       99%         2
 Inner Flame              Hex/Fire       0%         N/A       100%        3
 Portal Projectile        Hex/Tloc       0%         N/A       100%        3
 Stone Arrow              Conj/Erth      0%         3d7       100%        3
 Swiftness                Air            0%         N/A       100%        3
 Cause Fear               Hex            0%         N/A       100%        4
 Leda's Liquefaction      Hex/Erth       0%         N/A       100%        4
 Blade Hands              Tmut           0%         N/A       100%        5
 Lee's Rapid Deconstruct  Erth           0%         3d4*      100%        5
 Eringya's Noxious Bog    Tmut/Pois      0%         N/A       100%        6
 Tukima's Dance           Hex            Unusable   N/A       N/A         3
 Summon Forest            Summ/Tloc      Unusable   N/A       N/A         5
 Statue Form              Tmut/Erth      Unusable   N/A       N/A         6
 Summon Hydra             Summ           Unusable   N/A       N/A         7

Dungeon Overview and Level Annotations

Branches:
Dungeon (8/15)             Temple (1/1) D:6           Sewer (visited)
 Bailey (1/1)
   Lair: D:8-11

Altars:
Ashenzari
Cheibriados
Dithmenos
Elyvilon
Fedhas
Hepliaklqana
Kikubaaqudgha
Makhleb
Nemelex Xobeh
Okawaru
Qazlal
Ru
Sif Muna
Trog
Uskayaw
Vehumet
Wu Jian
Xom
Yredelemnul
Zin
The Shining One


Innate Abilities, Weirdness & Mutations

You are immune to sickness and miasma.
Your stone body is resilient. (AC +7)
You are immune to poison.
You resist negative energy. (rN+)
You are resistant to electric shocks. (rElec)
You are resistant to unholy torment.
You are immune to petrification.


Message History

The orc sorcerer hits you with a +0 battleaxe.
The rust devil hits you. The rust devil corrodes you!
You barely miss the orc sorcerer.
The orc sorcerer is severely wounded.
The orc sorcerer hits you but does no damage.
The rust devil barely misses you.
You barely miss the orc sorcerer.
The orc sorcerer is severely wounded.
The orc sorcerer hits you with a +0 battleaxe!
The rust devil barely misses you.
You hit the orc sorcerer but do no damage.
You drain the orc sorcerer.
The orc sorcerer is almost dead.
The orc sorcerer hits you with a +0 battleaxe!
The rust devil hits you. The rust devil corrodes you!
You are too injured to fight recklessly!
You are too injured to fight recklessly!
You are too injured to fight recklessly!
You are too injured to fight recklessly!
You are too injured to fight recklessly!
You are too injured to fight recklessly!
You are too injured to fight recklessly!
You are too injured to fight recklessly!
You are too injured to fight recklessly!
You are too injured to fight recklessly!
You are too injured to fight recklessly!
You are too injured to fight recklessly!
You are too injured to fight recklessly!
The orc sorcerer attacks as you move away!
You block the orc sorcerer's attack. The orc sorcerer casts a spell at you.
You suddenly lose the ability to move!
The rust devil hits you! The rust devil corrodes you!
The orc sorcerer hits you with a +0 battleaxe.
* * * LOW HITPOINT WARNING * * *
The rust devil hits you. The rust devil corrodes you!
The orc sorcerer hits you with a +0 battleaxe!
* * * LOW HITPOINT WARNING * * *
The rust devil hits you!
You die...

≈≈≈≈ ≈≈≈≈≈≈≈
≈≈≈≈≈≈≈≈≈
≈≈≈≈≈≈≈≈≈
≈≈≈≈≈≈≈≈≈≈≈
###~~~~~~~~~~S####
........∩........+
..###### #o4###
).# #.@..# ..#
#))..# '## ##'#+#
..# #..# ..# #..#
..# #..# .)# #..#
..# #))# #)# #)##


You could see a rust devil (summoned), an orc sorcerer (drained) and an electric
eel.

Vanquished Creatures
  Erica (D:8)
  An orc knight (Bailey)
  A hornet (D:7)
  A yak (D:8)
  A vampire mosquito (D:6)
  3 water moccasins
  3 ice beasts
  2 orc warriors (Bailey)
  A sky beast (D:6)
  2 black bears (D:5)
  An ogre (D:7)
  A phantom (D:6)
  Blork the orc (D:5)
  A bullfrog (D:6)
  A necrophage (D:3)
  A gnoll sergeant (D:7)
  13 scorpions
  5 wights (D:5)
  A killer bee (D:6)
  5 jellies
  A gnoll bouda (D:8)
  An orc priest (D:4)
  3 hounds
  An iguana (D:6)
  Terence (D:3)
  6 adders
  13 gnolls
  A shadow imp (D:5)
  2 white imps
  3 ufetubi
  A worm (D:4)
  4 dart slugs
  13 orcs
  8 endoplasms
  7 giant cockroaches
  23 goblins
  9 hobgoblins
  6 jackals
  9 kobolds
  4 quokkas
  6 ball pythons
  2 bats (D:3)
  3 frilled lizards
  4 rats
177 creatures vanquished.

Vanquished Creatures (others)
  A fungus (D:7)
  2 plants (D:5)
3 creatures vanquished.

Grand Total: 180 creatures vanquished

Notes
Turn   | Place    | Note
-------+----------+-------------------------------------------
     0 | D:1      | Dittersdorf the Gargoyle Fighter began the quest for the
                  | Orb.
     0 | D:1      | Reached XP level 1. HP: 14/14 MP: 1/1
   210 | D:1      | Reached XP level 2. HP: 9/19 MP: 2/2
   291 | D:1      | Found a faded altar of an unknown god.
  1172 | D:2      | Reached XP level 3. HP: 23/23 MP: 3/3
  1663 | D:3      | Found a glowing silver altar of Zin.
  1755 | D:3      | Noticed Terence
  1789 | D:3      | Killed Terence
  1790 | D:3      | Reached XP level 4. HP: 9/29 MP: 4/4
  1938 | D:3      | Found a sacrificial altar of Ru.
  1979 | D:3      | Reached skill level 4 in Fighting
  2094 | D:3      | Found an ornate altar of the Wu Jian Council.
  2435 | D:4      | Found a basalt altar of Yredelemnul.
  2436 | D:4      | Noticed a necrophage
  2469 | D:3      | Killed a necrophage
  2470 | D:3      | Reached XP level 5. HP: 18/33 MP: 5/5
  2641 | D:4      | Found a radiant altar of Vehumet.
  2792 | D:4      | Reached XP level 6. HP: 37/39 MP: 6/6
  3014 | D:4      | Found a sparkling altar of Nemelex Xobeh.
  3101 | D:5      | Entered Level 5 of the Dungeon
  3111 | D:5      | Noticed a water moccasin
  3128 | D:5      | Killed a water moccasin
  3178 | D:5      | Found a glowing drain.
  3200 | Sewer    | Entered a sewer
  3273 | Sewer    | Noticed a water moccasin
  3279 | Sewer    | Killed a water moccasin
  3280 | Sewer    | Reached skill level 5 in Fighting
  3280 | Sewer    | Reached skill level 5 in Armour
  3280 | Sewer    | Reached skill level 5 in Shields
  3280 | Sewer    | Reached XP level 7. HP: 41/44 MP: 7/7
  3710 | D:5      | Got the Omnibus of the Wyrd
  3785 | D:5      | Found a shimmering altar of Xom.
  3786 | D:5      | Found a shimmering altar of Xom.
  3927 | D:5      | Reached XP level 8. HP: 51/51 MP: 8/8
  3955 | D:5      | Reached skill level 6 in Fighting
  3960 | D:5      | Reached skill level 5 in Maces & Flails
  4057 | D:5      | Found a shimmering altar of Xom.
  4058 | D:5      | Found a shimmering altar of Xom.
  4059 | D:5      | Found a shimmering altar of Xom.
  4059 | D:5      | Found a shimmering altar of Xom.
  4059 | D:5      | Found a shimmering altar of Xom.
  4067 | D:5      | Noticed Blork the orc
  4082 | D:5      | Killed Blork the orc
  4610 | D:6      | Found a staircase to the Ecumenical Temple.
  4617 | Temple   | Entered the Ecumenical Temple
  4636 | Temple   | Became a worshipper of Warmaster Okawaru
  4799 | D:6      | Identified the +1 leather armour of the Doldrums {Int+4
                  | Stlth+}
  5088 | D:6      | Found a runed translucent door.
  5090 | D:6      | Found a runed translucent door.
  5112 | D:6      | Reached XP level 9. HP: 48/56 MP: 9/9
  5118 | D:6      | Reached skill level 7 in Fighting
  5122 | D:6      | Reached * piety under Okawaru
  5659 | D:7      | Reached ** piety under Okawaru
  5821 | D:7      | Noticed a hornet
  5835 | D:7      | Killed a hornet
  5836 | D:7      | Reached skill level 8 in Fighting
  5910 | D:7      | Found a white marble altar of Elyvilon.
  6214 | D:8      | Noticed Erica
  6230 | D:8      | Killed Erica
  6231 | D:8      | Reached XP level 10. HP: 60/65 MP: 10/10
  6332 | D:8      | Reached *** piety under Okawaru
  6344 | D:8      | Found a flagged portal.
  6373 | Bailey   | Entered a bailey
  6519 | Bailey   | Noticed an orc knight
  6620 | Bailey   | Killed an orc knight
  6798 | Bailey   | Reached skill level 9 in Fighting
  6800 | Bailey   | Noticed an orc sorcerer
  6805 | Bailey   | Noticed a rust devil
  6812 | Bailey   | Paralysed by an orc sorcerer for 4 turns
  6815 | Bailey   | HP: 3/66 [orc sorcerer/+0 battleaxe (15)]
  6815 | Bailey   | Slain by a rust devil

Illustrated notes

Levels and vault maps discovered:
D:1:      saegor_arrival_fortress, layout_basic,
          shapermc_ecumenical_altar_totnotflames
D:2:      layout_rooms
D:3:      layout_basic, overflow_temple_1_default, nzn_wu_jian_contemplation,
          mainiacjoe_overflow_cross_hatched, uniq_terence
D:4:      layout_cave_pools, nemelex_diamond_rough_becter,
          mainiacjoe_overflow_catch_the_wave
D:5:      corexii_shack_village, layout_loops_corners, xom_redecorated,
          gup_sewer_entry_pipe, uniq_blork_the_orc
D:6:      lemuel_insect_pit, layout_cave_pods, minmay_temple_entry_glass
D:7:      layout_loops_ring, elyvilon_altar_1
D:8:      layout_loops_ring, enter_bailey_3, uniq_gastronok, uniq_erica
Temple:   nicolae_temple_ecumenical_triangle
Bailey:   bailey_axe_of_yendor_kennysheep, bailey

Skill      XL: |  1  2  3  4  5  6  7  8  9 10 |
---------------+-------------------------------+-----
Armour         | 4 5 6 8 |  8.9
Fighting       | 4 5 6 8 9 |  9.0
Shields        | 4 5 6 8 |  8.9
Maces & Flails | 3 4 5 7 |  7.8

Action                     |  1- 3 |  4- 6 |  7- 9 | 10-12 || total
---------------------------+-------+-------+-------+-------++-------
  Melee: Flail             |   145 |   121 |   274 |    95 ||   635
  Throw: Throwing net      |       |       |     1 |       ||     1
 Invoke: Heroism           |       |       |       |     1 ||     1
    Use: Scroll            |       |     8 |     2 |     6 ||    16
 Armour: Scale mail        |    12 |       |       |       ||    12
         Chain mail        |    77 |    90 |   188 |    45 ||   400
  Dodge: Dodged            |    61 |    49 |   101 |    35 ||   246
  Block: Buckler           |    30 |    36 |    84 |    28 ||   178

Table legend: (Time is in decaauts)
 A = Elapsed time spent in this place.
 B = Non-inter-level travel time spent in this place.
 C = Inter-level travel time spent in this place.
 D = Time resting spent in this place.
 E = Time spent auto-exploring this place.
 F = Levels seen in this place.
 G = Mean time per level.
                   A        B        C        D        E       F      G
               +--------+--------+--------+--------+--------+-----+--------+
         Total |   7007 |   6749 |    258 |    579 |   4404 |  11 |  637.0 |
       Dungeon |   6383 |   6137 |    246 |    417 |   4295 |   8 |  797.9 |
        Temple |     32 |     20 |     12 |      0 |      9 |   1 |   32.0 |
         Sewer |    148 |    148 |      0 |      0 |    100 |   1 |  148.0 |
        Bailey |    442 |    442 |      0 |    162 |      0 |   1 |  442.0 |
               +--------+--------+--------+--------+--------+-----+--------+

Top non-repeatable levels by time:
     D:5: 1331 daAuts
     D:3: 1123 daAuts
     D:6: 924 daAuts
     D:1: 860 daAuts
     D:7: 782 daAuts
     D:2: 650 daAuts
     D:4: 548 daAuts
  Bailey: 442 daAuts
     D:8: 162 daAuts
   Sewer: 148 daAuts
  Temple: 32 daAuts
